[Event "24th Bosnjaci Open 2019"]
[Site "Bosnjaci"]
[Date "2019.01.06"]
[Round "5.5"]
[White "Bobanac, Miro"]
[Black "Beletic, Daniel"]
[Result "1/2-1/2"]
[ECO "A21"]
[WhiteElo "2308"]
[BlackElo "2371"]
[Annotator "NA"]
[PlyCount "152"]
[EventDate "2019.01.03"]
[EventType "swiss"]
[EventCountry "CRO"]
[SourceTitle "playchess.com"]
[Source "ChessBase"]
[SourceQuality "1"]
[TimeControl "5400+30"]

1. Nf3 d6 2. c4 e5 3. Nc3 f5 4. e3 Nf6 5. b3 Be7 6. Bb2 O-O 7. Qc2 Nc6 8. a3 Kh8 9. h3 a6 10. O-O-O Ne4 11. d4 Nxc3 12. Bxc3 e4 13. d5 exf3 14. dxc6 bxc6 15. gxf3 Be6 16. Rg1 Bf6 17. Bd3 Rb8 18. b4 a5 19. Kd2 axb4 20. axb4 d5 21. cxd5 Bxd5 22. Ke2 Qe7 23. Rb1 Ra8 24. Ra1 Be5 25. Ra5 Qf6 26. Rc1 Rab8 27. b5 cxb5 28. Bxe5 Qxe5 29. Qxc7 Qb2+ 30. Rc2 Qb3 31. Ra7 Rg8 32. Qc3 Qxc3 33. Rxc3 b4 34. Rc5 Rgd8 35. Bxf5 g6 36. Bb1 Rbc8 37. Rac7 Rxc7 38. Rxc7 Bb3 39. Bd3 Rb8 40. e4 Be6 41. h4 b3 42. f4 b2 43. Bb1 Rb3 44. f5 gxf5 45. exf5 Bxf5 46. Bxf5 b1=Q 47. Bxb1 Rxb1 48. Kf3 Rb8 49. Re7 Rf8+ 50. Ke3 Rf5 51. Re4 Kg7 52. Rg4+ Kh6 53. f3 Ra5 54. Kf2 Ra2+ 55. Kg3 Ra1 56. Re4 Rg1+ 57. Kf4 Kg6 58. Re5 Ra1 59. Rg5+ Kf6 60. Rc5 Ra4+ 61. Kg3 Rb4 62. Rc6+ Kg7 63. h5 Rb1 64. h6+ Kf7 65. Kg4 Rb5 66. f4 Ra5 67. Rd6 Rb5 68. Ra6 Rc5 69. f5 Rc1 70. Ra7+ Kf6 71. Rxh7 Rg1+ 72. Kf4 Rf1+ 73. Ke4 Rxf5 74. Ra7 Rh5 75. Ra6+ Kf7 76. Kf4 Rh1 1/2-1/2

[Event "24th Bosnjaci Open 2019"]
[Site "Bosnjaci"]
[Date "2019.01.06"]
[Round "5.7"]
[White "Ascic, Anto"]
[Black "Zufic, Miroslav"]
[Result "0-1"]
[ECO "D35"]
[WhiteElo "2093"]
[BlackElo "2389"]
[Annotator "NA"]
[PlyCount "99"]
[EventDate "2019.01.03"]
[EventType "swiss"]
[EventCountry "CRO"]
[SourceTitle "playchess.com"]
[Source "ChessBase"]
[SourceQuality "1"]
[TimeControl "5400+30"]

1. d4 Nf6 2. c4 e6 3. Nf3 d5 4. Nc3 Nbd7 5. cxd5 exd5 6. Bg5 c6 7. e3 Be7 8. Bd3 Nh5 9. Bxe7 Qxe7 10. O-O Nhf6 11. Qc2 O-O 12. Rfe1 Re8 13. e4 dxe4 14. Nxe4 Qd8 15. Nfg5 Nxe4 16. Nxe4 Nf8 17. Rad1 Bf5 18. Nc3 Rxe1+ 19. Rxe1 Be6 20. Rd1 Qa5 21. b3 Rd8 22. h3 h6 23. Be4 Bd5 24. Bxd5 cxd5 25. Ne2 Ne6 26. Qd2 Qc7 27. Rc1 Qd6 28. g3 Ng5 29. Kg2 Qe6 30. Nf4 Qe4+ 31. Kf1 Qh1+ 32. Ke2 Qf3+ 33. Kf1 Re8 34. Ng2 Ne4 35. Qf4 Qd3+ 36. Kg1 Qxd4 37. Rc7 Qa1+ 38. Kh2 Rf8 39. Ne3 Qxa2 40. Nxd5 Qxf2+ 41. Qxf2 Nxf2 42. Rxb7 a5 43. Ne7+ Kh7 44. Nc6 Ne4 45. Nxa5 Rd8 46. Nc4 Rd3 47. Rxf7 Rxb3 48. g4 Rc3 49. Ne5 Rc2+ 50. Kg1 0-1

[Event "24th Bosnjaci Open 2019"]
[Site "Bosnjaci"]
[Date "2019.01.06"]
[Round "5.8"]
[White "Muratovic, Efim"]
[Black "Boban, Sten"]
[Result "1-0"]
[ECO "D52"]
[WhiteElo "2389"]
[BlackElo "2105"]
[Annotator "NA"]
[PlyCount "77"]
[EventDate "2019.01.03"]
[EventType "swiss"]
[EventCountry "CRO"]
[SourceTitle "playchess.com"]
[Source "ChessBase"]
[SourceQuality "1"]
[TimeControl "5400+30"]

1. d4 d5 2. c4 e6 3. Nf3 Nf6 4. Nc3 Nbd7 5. cxd5 exd5 6. Bg5 c6 7. e3 Qa5 8. Nd2 Bb4 9. Qc2 Ne4 10. Ndxe4 dxe4 11. Bh4 O-O 12. Be2 f5 13. O-O Nf6 14. Qb3+ Nd5 15. Nxd5 cxd5 16. Bg3 Rf7 17. Rac1 Be6 18. a3 Bf8 19. Rc3 Qd8 20. Rfc1 Bd6 21. Bxd6 Qxd6 22. g3 g5 23. Qb4 Qb8 24. Qb5 f4 25. Bh5 Rg7 26. Rc5 Qd8 27. Bd1 Qd6 28. Bb3 Rd8 29. Qb4 h5 30. R5c2 Qb8 31. Qa5 Kh7 32. Rc7 b6 33. Rxg7+ Kxg7 34. Qb4 Kf6 35. Rc6 Rc8 36. Bxd5 Rxc6 37. Bxc6 Qc7 38. Qf8+ Kg6 39. Bxe4+ 1-0

[Event "24th Bosnjaci Open 2019"]
[Site "Bosnjaci"]
[Date "2019.01.06"]
[Round "5.9"]
[White "Stocko, Josip"]
[Black "Tomas, Ante"]
[Result "1-0"]
[ECO "C44"]
[WhiteElo "2282"]
[BlackElo "2102"]
[Annotator "NA"]
[PlyCount "60"]
[EventDate "2019.01.03"]
[EventType "swiss"]
[EventCountry "CRO"]
[SourceTitle "playchess.com"]
[Source "ChessBase"]
[SourceQuality "1"]
[TimeControl "5400+30"]

1. e4 e5 2. Nf3 Nc6 3. d3 Nf6 4. Be2 Bc5 5. O-O d6 6. c3 a5 7. b3 O-O 8. h3 Re8 9. a3 Ba7 10. Re1 d5 11. Nbd2 h6 12. Rb1 d4 13. c4 Bc5 14. Nf1 Bf8 15. Ng3 g6 16. Rf1 Be6 17. Ne1 g5 18. Nf3 Qd6 19. Nh2 Ne7 20. Ng4 Nxg4 21. hxg4 Reb8 22. Bf3 f6 23. Nf5 Nxf5 24. exf5 Bd7 25. b4 axb4 26. axb4 Bc6 27. b5 Bxf3 28. Qxf3 b6 29. Bd2 Ra4 30. Ra1 Rba8 1-0

[Event "24th Bosnjaci Open 2019"]
[Site "Bosnjaci"]
[Date "2019.01.06"]
[Round "5.10"]
[White "Ivekovic, Tihana"]
[Black "Goric, Esad"]
[Result "1/2-1/2"]
[ECO "A56"]
[WhiteElo "2071"]
[BlackElo "2260"]
[Annotator "NA"]
[PlyCount "91"]
[EventDate "2019.01.03"]
[EventType "swiss"]
[EventCountry "CRO"]
[SourceTitle "playchess.com"]
[Source "ChessBase"]
[SourceQuality "1"]
[TimeControl "5400+30"]

1. d4 c5 2. d5 e5 3. c4 d6 4. e4 Nf6 5. Nc3 Be7 6. Nf3 O-O 7. Be2 Nbd7 8. O-O Re8 9. Ne1 Nf8 10. Nd3 Ng6 11. Be3 h6 12. Rb1 Bd7 13. b4 b6 14. bxc5 bxc5 15. Rb3 Qc7 16. Qc2 Reb8 17. Rfb1 Be8 18. Bd2 Bd8 19. Qb2 Rxb3 20. Qxb3 Bd7 21. g3 Bc8 22. f3 Qe7 23. Qa4 Bb7 24. Nb5 Bb6 25. Qb3 Ba6 26. Kg2 Ne8 27. Qa4 Bb7 28. Qb3 Bc8 29. Nc3 Rb8 30. Bd1 f5 31. exf5 Bxf5 32. Ne4 Bd7 33. Ndf2 Qd8 34. Qd3 Nf8 35. Bc2 Bc7 36. h4 Rxb1 37. Bxb1 Ba5 38. Bc1 Be1 39. Nd1 Ba5 40. Ndf2 Qb8 41. Bc2 Bd8 42. Ng4 Qc8 43. Ngf2 Be7 44. Qa3 Qb7 45. Qd3 Qc8 46. Qa3 1/2-1/2

[Event "24th Bosnjaci Open 2019"]
[Site "Bosnjaci"]
[Date "2019.01.06"]
[Round "5.11"]
[White "Jergovic, Andrija"]
[Black "Sipic, Hrvoje"]
[Result "0-1"]
[ECO "A59"]
[WhiteElo "2012"]
[BlackElo "2213"]
[Annotator "NA"]
[PlyCount "64"]
[EventDate "2019.01.03"]
[EventType "swiss"]
[EventCountry "CRO"]
[SourceTitle "playchess.com"]
[Source "ChessBase"]
[SourceQuality "1"]
[TimeControl "5400+30"]

1. d4 Nf6 2. c4 c5 3. d5 b5 4. cxb5 a6 5. bxa6 Bxa6 6. Nc3 g6 7. e4 Bxf1 8. Kxf1 d6 9. g3 Bg7 10. Kg2 O-O 11. Nf3 Nbd7 12. Re1 Qb6 13. h3 Rfb8 14. Qc2 c4 15. Re2 Nc5 16. Be3 Nfd7 17. Nd4 Ne5 18. a3 Ned3 19. Ra2 Qa6 20. Nc6 Rb7 21. Bd4 Bxd4 22. Nxd4 Nb3 23. Nf3 Nbc1 24. Qb1 Nxe2 25. Nxe2 Rab8 26. b4 cxb3 27. Rd2 Nc5 28. Qb2 Na4 29. Qd4 b2 30. Qe3 b1=Q 31. Qh6 Qxe4 32. Rd4 Qaxe2 0-1

[Event "24th Bosnjaci Open 2019"]
[Site "Bosnjaci"]
[Date "2019.01.06"]
[Round "5.12"]
[White "Ljikar, Zoran"]
[Black "Egerc, Josip"]
[Result "1-0"]
[ECO "B26"]
[WhiteElo "2207"]
[BlackElo "2081"]
[Annotator "NA"]
[PlyCount "55"]
[EventDate "2019.01.03"]
[EventType "swiss"]
[EventCountry "CRO"]
[SourceTitle "playchess.com"]
[Source "ChessBase"]
[SourceQuality "1"]
[TimeControl "5400+30"]

1. e4 c5 2. Nc3 Nc6 3. g3 d6 4. Bg2 g6 5. d3 Bg7 6. Be3 Nd4 7. Qd2 Bd7 8. O-O-O e6 9. Nce2 Ne7 10. c3 Nxe2+ 11. Nxe2 Qa5 12. Kb1 e5 13. d4 O-O 14. dxc5 Be6 15. b4 Qb5 16. Bf1 Bc4 17. cxd6 Nc6 18. Nc1 a5 19. a4 Qxa4 20. Bxc4 axb4 21. Qa2 bxc3 22. Qxa4 Rxa4 23. Bb3 Rxe4 24. Rd3 Rb4 25. Rxc3 Nd4 26. Rd1 Ra8 27. d7 Bf6 28. Rc8+ 1-0

[Event "24th Bosnjaci Open 2019"]
[Site "Bosnjaci"]
[Date "2019.01.06"]
[Round "5.13"]
[White "Tadic, Drago"]
[Black "Blagojevic, Marijan"]
[Result "0-1"]
[ECO "A36"]
[WhiteElo "1880"]
[BlackElo "2203"]
[Annotator "NA"]
[PlyCount "92"]
[EventDate "2019.01.03"]
[EventType "swiss"]
[EventCountry "CRO"]
[SourceTitle "playchess.com"]
[Source "ChessBase"]
[SourceQuality "1"]
[TimeControl "5400+30"]

1. e4 c5 2. c4 Nc6 3. Nc3 g6 4. d3 Bg7 5. Nge2 d6 6. g3 e6 7. Bg2 Nge7 8. a3 a6 9. O-O Rb8 10. Rb1 b5 11. b3 O-O 12. Bd2 Qc7 13. Bf4 b4 14. axb4 Nxb4 15. Qd2 Nec6 16. Na2 Bd7 17. Nxb4 Rxb4 18. Qa2 Rb6 19. Bd2 Rfb8 20. Bc3 Bxc3 21. Nxc3 Nd4 22. Rb2 Rxb3 23. Rfb1 Rxb2 24. Rxb2 Rxb2 25. Qxb2 a5 26. Bf1 Bc6 27. Be2 Qb7 28. Qxb7 Bxb7 29. Bd1 Kf8 30. Kf1 Ke7 31. f3 f5 32. Kf2 h6 33. h3 g5 34. g4 f4 35. Kg2 Kf6 36. Kf2 Ke5 37. Kg2 Nc6 38. Nb5 Nb4 39. Be2 Bc6 40. Kf2 Bxb5 41. cxb5 d5 42. Ke1 Kd6 43. Kd2 d4 44. Bd1 Na2 45. Bb3 Nc3 46. Bc4 e5 0-1

[Event "24th Bosnjaci Open 2019"]
[Site "Bosnjaci"]
[Date "2019.01.06"]
[Round "5.14"]
[White "Borzan, Andrej"]
[Black "Babic, Zvonko"]
[Result "0-1"]
[ECO "A59"]
[WhiteElo "1818"]
[BlackElo "2190"]
[Annotator "NA"]
[PlyCount "82"]
[EventDate "2019.01.03"]
[EventType "swiss"]
[EventCountry "CRO"]
[SourceTitle "playchess.com"]
[Source "ChessBase"]
[SourceQuality "1"]
[TimeControl "5400+30"]

1. d4 Nf6 2. c4 c5 3. d5 b5 4. cxb5 a6 5. bxa6 g6 6. Nc3 Bxa6 7. e4 Bxf1 8. Kxf1 d6 9. Nge2 Bg7 10. g3 O-O 11. Kg2 Nbd7 12. f4 Ra6 13. Qc2 Qa8 14. Bd2 Rb8 15. Rab1 e6 16. dxe6 fxe6 17. h3 Rb4 18. Kh2 Nxe4 19. Nxe4 Qxe4 20. Qxe4 Rxe4 21. Nc3 Bxc3 22. Bxc3 Re2+ 23. Kg1 Rxa2 24. Rh2 Rxh2 25. Kxh2 Nb6 26. Kg2 Na4 27. Kf3 Nxc3 28. bxc3 Rc2 29. Kg4 Kf7 30. Rb3 Kf6 31. Kf3 c4 32. Ra3 Rb2 33. Ra4 d5 34. Ke3 Rh2 35. Ra7 Rxh3 36. Kf3 Rh2 37. g4 Rh3+ 38. Kg2 Rxc3 39. Rxh7 e5 40. g5+ Ke6 41. fxe5 Re3 0-1

[Event "24th Bosnjaci Open 2019"]
[Site "Bosnjaci"]
[Date "2019.01.06"]
[Round "5.15"]
[White "Andrijevic, Milan"]
[Black "Golub, Nikolina"]
[Result "0-1"]
[ECO "C01"]
[WhiteElo "2244"]
[BlackElo "1925"]
[Annotator "NA"]
[PlyCount "52"]
[EventDate "2019.01.03"]
[EventType "swiss"]
[EventCountry "CRO"]
[SourceTitle "playchess.com"]
[Source "ChessBase"]
[SourceQuality "1"]
[TimeControl "5400+30"]

1. e4 e6 2. Nf3 d5 3. exd5 exd5 4. d4 Nf6 5. c4 Bb4+ 6. Nc3 O-O 7. a3 Bxc3+ 8. bxc3 Re8+ 9. Be2 dxc4 10. O-O Be6 11. Ne5 Nbd7 12. Nxc4 Nd5 13. Bd2 b5 14. Ne3 a6 15. a4 c6 16. a5 Qc7 17. c4 bxc4 18. Nxc4 Nf4 19. Bxf4 Qxf4 20. g3 Qc7 21. Ne3 Nf6 22. Qa4 Qd6 23. Rac1 Rec8 24. Rfd1 Bd5 25. Nc4 Qe6 26. Bf1 Qe4 0-1

[Event "24th Bosnjaci Open 2019"]
[Site "Bosnjaci"]
[Date "2019.01.06"]
[Round "5.16"]
[White "Cvitan, Ena"]
[Black "Turicar, Goran"]
[Result "1-0"]
[ECO "D02"]
[WhiteElo "2201"]
[BlackElo "1862"]
[Annotator "NA"]
[PlyCount "45"]
[EventDate "2019.01.03"]
[EventType "swiss"]
[EventCountry "CRO"]
[SourceTitle "playchess.com"]
[Source "ChessBase"]
[SourceQuality "1"]
[TimeControl "5400+30"]

1. d4 d5 2. Nf3 Nf6 3. Bf4 e6 4. e3 Bd6 5. Bg3 O-O 6. Nbd2 c5 7. c3 Nc6 8. Bd3 Ne7 9. Qe2 c4 10. Bc2 Ng6 11. Ne5 Qe7 12. h4 Bxe5 13. dxe5 Nd7 14. Nf3 f5 15. exf6 gxf6 16. e4 Nde5 17. O-O-O Qf7 18. h5 Ne7 19. Nxe5 fxe5 20. Bxe5 Rd8 21. Rh3 Nf5 22. exf5 exf5 23. Rg3+ 1-0

[Event "24th Bosnjaci Open 2019"]
[Site "Bosnjaci"]
[Date "2019.01.06"]
[Round "5.17"]
[White "Dabic, Stjepan"]
[Black "Kolanovic, Kazimir"]
[Result "1-0"]
[ECO "A56"]
[WhiteElo "2077"]
[BlackElo "1851"]
[Annotator "NA"]
[PlyCount "71"]
[EventDate "2019.01.03"]
[EventType "swiss"]
[EventCountry "CRO"]
[SourceTitle "playchess.com"]
[Source "ChessBase"]
[SourceQuality "1"]
[TimeControl "5400+30"]

1. d4 Nf6 2. c4 c5 3. d5 e5 4. Nc3 d6 5. e4 Nbd7 6. Be3 g6 7. h3 Bg7 8. g4 O-O 9. Nge2 a6 10. Ng3 Ne8 11. Bd3 Nc7 12. Kf1 b5 13. b3 Rb8 14. Qe2 b4 15. Na4 Qe7 16. Rd1 Re8 17. Kg2 f6 18. h4 Qf8 19. Rdg1 Nb6 20. Nxb6 Rxb6 21. f3 Re7 22. Qc2 Rf7 23. Kf2 g5 24. hxg5 fxg5 25. Bxg5 Rxf3+ 26. Ke1 Rf6 27. Qh2 h6 28. Bxf6 Qxf6 29. g5 Qxg5 30. Nh5 Qe3+ 31. Qe2 Qxe2+ 32. Bxe2 Ne8 33. Nxg7 Nxg7 34. Rxh6 a5 35. Rhg6 Rb7 36. Rxd6 1-0

[Event "24th Bosnjaci Open 2019"]
[Site "Bosnjaci"]
[Date "2019.01.06"]
[Round "5.18"]
[White "Samblic, Silvano"]
[Black "Tomljenovic, Mile"]
[Result "0-1"]
[ECO "C54"]
[WhiteElo "2047"]
[BlackElo "1794"]
[Annotator "NA"]
[PlyCount "86"]
[EventDate "2019.01.03"]
[EventType "swiss"]
[EventCountry "CRO"]
[SourceTitle "playchess.com"]
[Source "ChessBase"]
[SourceQuality "1"]
[TimeControl "5400+30"]

1. e4 e5 2. Nf3 Nc6 3. Bc4 Bc5 4. c3 Nf6 5. d3 h6 6. Nbd2 O-O 7. b4 Bb6 8. O-O d5 9. Bb3 d4 10. c4 Nxb4 11. Nxe5 Nd7 12. Ndf3 Nxe5 13. Nxe5 Qf6 14. f4 c5 15. Ba4 Bc7 16. a3 Na6 17. Nd7 Bxd7 18. Bxd7 Rad8 19. Qg4 h5 20. Qh3 Nb8 21. e5 Qe7 22. Bf5 g6 23. Be4 Ba5 24. f5 Nc6 25. Bh6 Nxe5 26. Bxf8 Rxf8 27. fxg6 fxg6 28. Rxf8+ Kxf8 29. Rf1+ Kg7 30. Rb1 b6 31. Rf1 Nxc4 32. Qg3 Ne5 33. h3 Bd2 34. Rf5 Nxd3 35. Bxd3 Qe3+ 36. Qxe3 Bxe3+ 37. Kf1 gxf5 38. Bxf5 c4 39. Ke2 Kf6 40. g4 hxg4 41. hxg4 Ke5 42. a4 Kd5 43. Bd7 Kc5 0-1

[Event "24th Bosnjaci Open 2019"]
[Site "Bosnjaci"]
[Date "2019.01.06"]
[Round "5.19"]
[White "Pejic, Ivo"]
[Black "Katic, Zeljko"]
[Result "0-1"]
[ECO "B08"]
[WhiteElo "1845"]
[BlackElo "2035"]
[Annotator "NA"]
[PlyCount "90"]
[EventDate "2019.01.03"]
[EventType "swiss"]
[EventCountry "CRO"]
[SourceTitle "playchess.com"]
[Source "ChessBase"]
[SourceQuality "1"]
[TimeControl "5400+30"]

1. e4 d6 2. d4 Nf6 3. Nc3 g6 4. Bc4 Bg7 5. Nf3 O-O 6. Be3 Nxe4 7. Bxf7+ Rxf7 8. Nxe4 Bg4 9. Neg5 Rf6 10. h3 Bxf3 11. Nxf3 Nd7 12. Qd3 c6 13. c4 e5 14. O-O Qe7 15. Nd2 Rf5 16. d5 Re8 17. Ne4 c5 18. Rab1 Nf6 19. b4 b6 20. bxc5 bxc5 21. Rb3 Nh5 22. Ng3 Nxg3 23. fxg3 e4 24. Qe2 Rxf1+ 25. Qxf1 Rf8 26. Qb1 Bd4 27. Kh2 h5 28. h4 Be5 29. Bg5 Bf6 30. Rb7 Qe5 31. Bf4 Qd4 32. Bxd6 Rf7 33. Rxf7 Kxf7 34. Qb7+ Kg8 35. Qc8+ Kh7 36. Qxc5 e3 37. Qxd4 Bxd4 38. Bf4 Kg7 39. Kh3 Kf6 40. d6 Ke6 41. g4 e2 42. Bd2 Bf2 43. c5 e1=Q 44. Bxe1 Bxe1 45. g5 Bb4 0-1

[Event "24th Bosnjaci Open 2019"]
[Site "Bosnjaci"]
[Date "2019.01.06"]
[Round "5.21"]
[White "Caric, Mato"]
[Black "Mesic, Ismet"]
[Result "1-0"]
[ECO "B12"]
[WhiteElo "2088"]
[BlackElo "1757"]
[Annotator "NA"]
[PlyCount "79"]
[EventDate "2019.01.03"]
[EventType "swiss"]
[EventCountry "CRO"]
[SourceTitle "playchess.com"]
[Source "ChessBase"]
[SourceQuality "1"]
[TimeControl "5400+30"]

1. e4 c6 2. d4 d5 3. e5 c5 4. c3 Nc6 5. Be3 cxd4 6. cxd4 Bf5 7. Bd3 Bxd3 8. Qxd3 e6 9. Ne2 Nge7 10. f4 Nf5 11. Bf2 Be7 12. a3 O-O 13. Nd2 Rc8 14. g4 Nh6 15. h3 Na5 16. O-O Qb6 17. b4 Nc4 18. Rfc1 Qc6 19. Nc3 b5 20. Nb3 a6 21. f5 Qb6 22. Nc5 Bxc5 23. bxc5 Qc6 24. Bh4 Kh8 25. f6 g6 26. Bg5 Ng8 27. Rc2 Rc7 28. h4 a5 29. h5 h6 30. hxg6 fxg6 31. Qxg6 Rh7 32. Bf4 Rff7 33. Rh2 b4 34. axb4 axb4 35. Ne2 Qb7 36. Kf2 b3 37. Bxh6 Nxh6 38. Rxh6 Rxh6 39. Qxh6+ Kg8 40. Rh1 1-0

[Event "24th Bosnjaci Open 2019"]
[Site "Bosnjaci"]
[Date "2019.01.06"]
[Round "5.22"]
[White "Pleh, Semir"]
[Black "Brkic, Zdenko"]
[Result "1-0"]
[ECO "A32"]
[WhiteElo "1767"]
[BlackElo "2072"]
[Annotator "NA"]
[PlyCount "95"]
[EventDate "2019.01.03"]
[EventType "swiss"]
[EventCountry "CRO"]
[SourceTitle "playchess.com"]
[Source "ChessBase"]
[SourceQuality "1"]
[TimeControl "5400+30"]

1. c4 e6 2. Nf3 c5 3. d4 cxd4 4. Nxd4 Nf6 5. g3 Nc6 6. e3 Be7 7. Bg2 O-O 8. O-O d5 9. Nc3 e5 10. Nxc6 bxc6 11. cxd5 Ba6 12. Re1 cxd5 13. Nxd5 Nxd5 14. Bxd5 Rb8 15. e4 Bc5 16. Rb1 Qb6 17. Be3 Bd4 18. b3 Qb4 19. Bxd4 exd4 20. a4 d3 21. Re3 Rbc8 22. Rxd3 Bxd3 23. Qxd3 Rc3 24. Qa6 Qd4 25. Rf1 g6 26. Qb7 Kg7 27. Qe7 h5 28. Kg2 a5 29. h4 Rc2 30. Qb7 Qd2 31. Qe7 Qd4 32. Qb7 Qe5 33. Qa7 g5 34. hxg5 Qxg5 35. Rh1 Qe5 36. Rh4 Kg6 37. Rf4 Qc7 38. Qd4 Qc3 39. Qb6+ Kg7 40. Bc4 Qe5 41. Qa7 Kh8 42. Bd5 f5 43. Qb6 Kg7 44. Qb7+ Kh8 45. Qb5 Kg7 46. Qd7+ Kh8 47. Bc4 Rf6 48. exf5 1-0

[Event "24th Bosnjaci Open 2019"]
[Site "Bosnjaci"]
[Date "2019.01.06"]
[Round "5.23"]
[White "Kovac, Petar"]
[Black "Lesic, Krunoslav"]
[Result "1/2-1/2"]
[ECO "E08"]
[WhiteElo "1747"]
[BlackElo "2067"]
[Annotator "NA"]
[PlyCount "90"]
[EventDate "2019.01.03"]
[EventType "swiss"]
[EventCountry "CRO"]
[SourceTitle "playchess.com"]
[Source "ChessBase"]
[SourceQuality "1"]
[TimeControl "5400+30"]

1. d4 Nf6 2. c4 e6 3. Nf3 d5 4. g3 Be7 5. Bg2 O-O 6. O-O Nbd7 7. Qc2 c6 8. Bf4 Nh5 9. Nbd2 Nxf4 10. gxf4 c5 11. cxd5 exd5 12. dxc5 Nxc5 13. Rfd1 Qb6 14. Rac1 g6 15. Nd4 Rd8 16. h3 Bd7 17. e3 Rac8 18. Qb1 Bf6 19. N2f3 Na4 20. Rd2 Rxc1+ 21. Qxc1 Rc8 22. Qb1 Nc3 23. Qa1 Ne4 24. Rd1 Qa5 25. Nb3 Qb4 26. Nbd4 a5 27. Rc1 Rc5 28. a3 Qb6 29. Qb1 Qc7 30. Rxc5 Qxc5 31. Qd1 a4 32. Qe1 b5 33. Ne5 Bc8 34. Bf1 Bh4 35. Nd3 Qe7 36. Qc1 Bd7 37. Qc2 g5 38. Nf3 gxf4 39. Nxh4 Qxh4 40. Nxf4 Ng5 41. Qe2 Bf5 42. Nxd5 Kg7 43. Bg2 Bxh3 44. f4 Bxg2 45. Qxg2 Qe1+ 1/2-1/2

[Event "24th Bosnjaci Open 2019"]
[Site "Bosnjaci"]
[Date "2019.01.06"]
[Round "5.24"]
[White "Lombarovic, Marko"]
[Black "Duda, Daniel"]
[Result "0-1"]
[ECO "B27"]
[WhiteElo "1764"]
[BlackElo "1991"]
[Annotator "NA"]
[PlyCount "40"]
[EventDate "2019.01.03"]
[EventType "swiss"]
[EventCountry "CRO"]
[SourceTitle "playchess.com"]
[Source "ChessBase"]
[SourceQuality "1"]
[TimeControl "5400+30"]

1. e4 c5 2. Nf3 g6 3. c3 Bg7 4. d4 cxd4 5. cxd4 d5 6. Bb5+ Bd7 7. Bxd7+ Qxd7 8. exd5 Nf6 9. Ne5 Qxd5 10. O-O Nc6 11. Nxc6 Qxc6 12. Nc3 Rd8 13. Be3 O-O 14. Rc1 e5 15. Ne2 Qe4 16. Qa4 exd4 17. Nxd4 Ng4 18. Kh1 Bxd4 19. Rc4 Nxe3 20. fxe3 Qxe3 0-1

[Event "24th Bosnjaci Open 2019"]
[Site "Bosnjaci"]
[Date "2019.01.06"]
[Round "6.7"]
[White "Beletic, Daniel"]
[Black "Ljikar, Zoran"]
[Result "1-0"]
[ECO "D42"]
[WhiteElo "2371"]
[BlackElo "2207"]
[Annotator "NA"]
[PlyCount "45"]
[EventDate "2019.01.03"]
[EventType "swiss"]
[EventCountry "CRO"]
[SourceTitle "playchess.com"]
[Source "ChessBase"]
[SourceQuality "1"]
[TimeControl "5400+30"]

1. Nf3 d5 2. d4 c5 3. e3 Nc6 4. c4 cxd4 5. cxd5 Qxd5 6. Nc3 Qd8 7. exd4 e6 8. Bd3 Nf6 9. O-O Be7 10. a3 O-O 11. Bc2 b6 12. Qd3 Bb7 13. Re1 Rc8 14. d5 exd5 15. Bg5 Ne4 16. Nxe4 dxe4 17. Qxe4 f5 18. Qh4 Rc7 19. Rad1 Qe8 20. Bb3+ Kh8 21. Bd5 Qg6 22. Bxe7 Nxe7 23. Bxb7 1-0

[Event "24th Bosnjaci Open 2019"]
[Site "Bosnjaci"]
[Date "2019.01.06"]
[Round "6.8"]
[White "Zovko, Mario"]
[Black "Blagojevic, Marijan"]
[Result "1/2-1/2"]
[ECO "B22"]
[WhiteElo "2318"]
[BlackElo "2203"]
[Annotator "NA"]
[PlyCount "33"]
[EventDate "2019.01.03"]
[EventType "swiss"]
[EventCountry "CRO"]
[SourceTitle "playchess.com"]
[Source "ChessBase"]
[SourceQuality "1"]
[TimeControl "5400+30"]

1. e4 c5 2. c3 d5 3. exd5 Qxd5 4. d4 Nc6 5. Nf3 Nf6 6. Be3 $11 {[%emt 0:03:30] LiveBook: 289 Games} cxd4 7. cxd4 e6 8. a3 Be7 9. Nc3 Qa5 10. b4 Qd8 11. Bb5 O-O 12. O-O a5 13. bxa5 Rxa5 14. a4 Nb4 15. Qb3 b6 16. Ne5 Bb7 17. Rfd1 1/2-1/2

[Event "24th Bosnjaci Open 2019"]
[Site "Bosnjaci"]
[Date "2019.01.08"]
[Round "6.9"]
[White "Babic, Zvonko"]
[Black "Klasan, Vladimir"]
[Result "1/2-1/2"]
[ECO "B85"]
[WhiteElo "2190"]
[BlackElo "2364"]
[Annotator "ChessBase"]
[PlyCount "57"]
[EventDate "2019.01.03"]
[EventType "swiss"]
[EventCountry "CRO"]
[TimeControl "5400+30"]

1. Nf3 c5 2. e4 Nc6 3. d4 cxd4 4. Nxd4 Nf6 5. Nc3 d6 6. Bc4 Qb6 7. Nb3 e6 8. O-O a6 9. a4 Qc7 10. f4 Be7 11. Be2 O-O 12. Be3 b6 13. Bf3 Bb7 14. Qe1 Rfe8 15. Rd1 Nd7 16. Qg3 Rac8 17. Kh1 Bf6 18. Nd4 Na5 19. f5 Nc4 20. Bc1 e5 21. Nde2 Be7 22. Qf2 Bc6 23. g4 b5 24. axb5 axb5 25. g5 b4 26. Nb1 Qb7 27. Ng3 f6 28. g6 h6 29. Nh5 1/2-1/2

[Event "24th Bosnjaci Open 2019"]
[Site "Bosnjaci"]
[Date "2019.01.06"]
[Round "6.10"]
[White "Goric, Esad"]
[Black "Slobodjanac, Sinisa"]
[Result "1-0"]
[ECO "A46"]
[WhiteElo "2260"]
[BlackElo "1797"]
[Annotator "NA"]
[PlyCount "93"]
[EventDate "2019.01.03"]
[EventType "swiss"]
[EventCountry "CRO"]
[SourceTitle "playchess.com"]
[Source "ChessBase"]
[SourceQuality "1"]
[TimeControl "5400+30"]

1. Nf3 Nf6 2. b3 d6 3. d4 c6 4. Bb2 Nbd7 5. e3 Qc7 6. Be2 e5 7. c4 Be7 8. Nc3 O-O 9. O-O a6 10. Rc1 Re8 11. Qc2 Bf8 12. Rfd1 g6 13. Qb1 Bg7 14. Qa1 exd4 15. Rxd4 Ne5 16. Rcd1 Nxf3+ 17. Bxf3 Rd8 18. R4d2 Ne8 19. Ne4 Bxb2 20. Qxb2 Qe7 21. Qa3 Qe5 22. Nxd6 Nxd6 23. Rxd6 Rxd6 24. Qxd6 Qxd6 25. Rxd6 Be6 26. Be2 a5 27. a3 Kf8 28. f3 Ke7 29. Rd2 b6 30. Kf2 Rb8 31. e4 c5 32. Ke3 a4 33. Rb2 Ra8 34. b4 Rd8 35. bxc5 bxc5 36. Rb5 Kd6 37. Kd3 Kc6+ 38. Kc3 Bd7 39. f4 f6 40. Bf3 Kd6 41. e5+ fxe5 42. fxe5+ Kxe5 43. Rxc5+ Kd6 44. Ra5 Rb8 45. c5+ Kc7 46. Ra7+ Kc8 47. Ra8 1-0

[Event "24th Bosnjaci Open 2019"]
[Site "Bosnjaci"]
[Date "2019.01.08"]
[Round "6.11"]
[White "Katic, Zeljko"]
[Black "Cvitan, Ena"]
[Result "0-1"]
[ECO "A06"]
[WhiteElo "2035"]
[BlackElo "2201"]
[Annotator "ChessBase"]
[PlyCount "72"]
[EventDate "2019.01.03"]
[EventType "swiss"]
[EventCountry "CRO"]
[TimeControl "5400+30"]

1. Nf3 d5 2. b3 Nf6 3. Bb2 e6 4. e3 Bd6 5. Be2 O-O 6. O-O b6 7. Bd3 Nbd7 8. c4 e5 9. Bf5 e4 10. Nd4 dxc4 11. bxc4 Ne5 12. Qc2 c5 13. Bxc8 Qxc8 14. Ne2 Nf3+ 15. Kh1 Nxh2 16. Bxf6 Nxf1 17. Qxe4 Qe6 18. Qxe6 fxe6 19. Bh4 g5 20. Kg1 Nxd2 21. Nxd2 gxh4 22. Ne4 Be5 23. Rb1 Rad8 24. Rc1 Rd3 25. N2c3 Rfd8 26. a4 Bxc3 27. Nxc3 Rd2 28. f3 Rb2 29. Ne4 Rd3 30. Re1 Rdb3 31. Kh2 Rb1 32. Re2 R3b2 33. Rxb2 Rxb2 34. a5 bxa5 35. Nxc5 Rc2 36. Nxe6 Rxc4 0-1